 Dungeon Crawl Stone Soup version 0.17.1-3-g152610e (webtiles) character file.

114 Goblin1989 the Insei (level 4, 0/28 HPs)
             Began as an Octopode Transmuter on Feb 18, 2016.
             Slain by a worker ant (6 damage)
             ... on level 3 of the Dungeon.
             The game lasted 00:07:00 (2415 turns).

Goblin1989 the Insei (Octopode Transmuter)          Turns: 2415, Time: 00:07:00

Health: 0/28       AC:  1    Str: 10    XL:     4   Next: 98%
Magic:  7/7        EV: 12    Int: 15    God:
Gold:   137        SH:  0    Dex: 12    Spells: 3 memorised, 0 levels left

rFire  . . .     SeeInvis .       - Unarmed
rCold  . . .     Clarity  .     (no shield)
rNeg   . . .     SustAt   .     (helmet restricted)
rPois  .         Gourm    .     (no amulet)
rElec  .         Spirit   .     (no ring)
rCorr  .         Warding  .     (no ring)
rMut   .         Stasis   .     (no ring)
MR     .....                    (no ring)
Stlth  ++........               (no ring)
                                (no ring)
                                (no ring)
                                (no ring)

@: lethally poisoned (0 -> -7), appendage (expiring), not resistant to hostile
enchantments, unstealthy
A: almost no armour, amphibious, 8 rings, constrict 8, tentacle spike 3,
camouflage 1, gelatinous body 1
a: End Transformation


You were on level 3 of the Dungeon.
You were not hungry.
One of your tentacles had a temporary spike.
You visited 1 branch of the dungeon, and saw 3 of its levels.

You collected 137 gold pieces.

Inventory:

Missiles
 a - 57 arrows
Wands
 m - a wand of polymorph (5)
Scrolls
 d - a scroll of noise {unknown}
 e - a scroll of blinking {unknown}
 f - a scroll of remove curse {unknown}
 g - a scroll of amnesia {unknown}
 l - 2 scrolls of fear {unknown}
 o - a scroll of fog {unknown}
Potions
 i - 2 potions of curing
 j - a potion of brilliance
Books
 b - a book of Changes

   Spells                             Type                      Level
   a - Beastly Appendage              Transmutation                1
   b - Sticks to Snakes               Transmutation                2
   c - Spider Form                    Transmutation/Poison         3
   d - Ice Form                       Ice/Transmutation            4
   e - Blade Hands                    Transmutation                5
 p - a book of Flames

   Spells                             Type                      Level
   a - Flame Tongue                   Conjuration/Fire             1
   b - Throw Flame                    Conjuration/Fire             2
   c - Conjure Flame                  Conjuration/Fire             3
   d - Inner Flame                    Hexes/Fire                   3
   e - Sticky Flame                   Conjuration/Fire             4
   f - Fireball                       Conjuration/Fire             5
Comestibles
 c - 2 bread rations
 k - 4 fruits
 q - a royal jelly


   Skills:
 - Level 1.0 Fighting
 - Level 2.0 Dodging
 - Level 5.4 Unarmed Combat
 - Level 2.0 Spellcasting
 + Level 2.0 Transmutations
 + Level 0.2 Ice Magic


You couldn't memorise any spells.
You knew the following spells:

 Your Spells              Type           Power        Failure   Level  Hunger
a - Beastly Appendage     Trmt           #.....       12%         1    #......
b - Sticks to Snakes      Trmt           #.........   14%         2    ###....
c - Ice Form              Ice/Trmt       #.......     97%         4    #####..


Dungeon Overview and Level Annotations

Branches:
Dungeon (3/15)

Altars:
Ashenzari
Vehumet

Annotations:
D:2 Jessica


Innate Abilities, Weirdness & Mutations

You cannot wear most types of armour.
You are amphibious.
You can wear up to eight rings at the same time.
You can use your tentacles to constrict eight enemies at once.
Your skin changes colour to match your surroundings (Stealth).
Your rubbery body absorbs attacks (AC +1).
One of your tentacles bears a large vicious spike.


Message History

The worker ant poisons you!
You tentacle-slap the worker ant but do no damage.
You pierce the worker ant, but do no damage.
The worker ant is lightly wounded.
You constrict the worker ant, but do no damage.
You feel sick.
The worker ant bites you but does no damage.
You tentacle-slap the worker ant.
You pierce the worker ant, but do no damage.
The worker ant is lightly wounded.
You constrict the worker ant.
You feel sick. The worker ant bites you.
You completely miss the worker ant.
You pierce the worker ant.
The worker ant is moderately wounded.
You constrict the worker ant.
You feel sick. The worker ant bites you.
* * * LOW HITPOINT WARNING * * *
You bludgeon the worker ant!
The worker ant is almost dead.
You constrict the worker ant, but do no damage.
The worker ant bites you.
You die...

#.###.#.#######.#
#..# #........<...#
#.......##.########
##.####.##.# #.
#.#.## #.##..##
#...## ###># #@#
#a# #.# ... ...
....# #.... +#...


You could see a worker ant.

Vanquished Creatures
  Ijyb (D:2)
  Terence (D:2)
  2 adders (D:2)
  An ooze (D:2)
  3 worms
  2 giant cockroaches (D:1)
  8 hobgoblins
  2 quokkas (D:2)
  2 bats (D:1)
  5 giant newts
  7 goblins
  8 kobolds
  7 rats
49 creatures vanquished.

Notes
Turn   | Place    | Note
--------------------------------------------------------------
     0 | D:1      | Goblin1989 the Octopode Transmuter began the quest for the Orb.
     0 | D:1      | Reached XP level 1. HP: 13/13 MP: 3/3
   306 | D:1      | Reached XP level 2. HP: 18/18 MP: 5/5
   310 | D:1      | Learned a level 2 spell: Sticks to Snakes
   685 | D:1      | Reached skill level 4 in Unarmed Combat
   871 | D:2      | Reached XP level 3. HP: 21/23 MP: 6/6
   893 | D:2      | Found a shattered altar of Ashenzari.
   958 | D:2      | Found a radiant altar of Vehumet.
  1139 | D:2      | Noticed Ijyb
  1289 | D:2      | Killed Ijyb
  1289 | D:2      | Reached XP level 4. HP: 28/28 MP: 4/7
  1355 | D:2      | Noticed Jessica
  1645 | D:2      | Noticed Terence
  1666 | D:2      | Killed Terence
  1666 | D:2      | Reached skill level 5 in Unarmed Combat
  2392 | D:2      | Learned a level 4 spell: Ice Form
  2415 | D:3      | Slain by a worker ant

Action                   |  1- 3 |  4- 6 || total
-------------------------+-------+-------++-------
Melee: Unarmed           |    59 |    46 ||   105
 Cast: Beastly Appendage |     3 |    10 ||    13
       Sticks to Snakes  |     2 |     2 ||     4
Evoke: Wand              |       |     1 ||     1
  Use: Scroll            |       |     2 ||     2
 Stab: Sleeping          |     6 |     1 ||     7
  Eat: Chunk             |     1 |     2 ||     3
       Royal jelly       |       |     1 ||     1
